Workbook

Sheet RESUMEN
A4: RESUMEN DE CÁLCULO DE PTU 2026
A6: Trabajador | B6: PTU | C6: Retención de ISR | D6: Neto a pagar
A7: ='CÁLCULO PTU'!A11 -> Trabajador 1 | B7: ='CÁLCULO PTU'!J11 -> 31245.12 | C7: ='CÁLCULO PTU'!Q11 -> 3375.7026 | D7: =B7-C7 -> 27869.417
A8: ='CÁLCULO PTU'!A12 -> Trabajador 2 | B8: ='CÁLCULO PTU'!J12 -> 35039.04 | C8: ='CÁLCULO PTU'!Q12 -> 4760.1506 | D8: =B8-C8 -> 30278.889
A9: ='CÁLCULO PTU'!A13 -> Trabajador 3 | B9: ='CÁLCULO PTU'!J13 -> 12193.135 | C9: ='CÁLCULO PTU'!Q13 -> 1135.1632 | D9: =B9-C9 -> 11057.972
A10: ='CÁLCULO PTU'!A14 -> 0 | B10: ='CÁLCULO PTU'!J14 -> 0 | C10: ='CÁLCULO PTU'!Q14 -> 0 | D10: =B10-C10 -> 0
A11: ='CÁLCULO PTU'!A15 -> 0 | B11: ='CÁLCULO PTU'!J15 -> 0 | C11: ='CÁLCULO PTU'!Q15 -> 0 | D11: =B11-C11 -> 0
A12: ='CÁLCULO PTU'!A16 -> 0 | B12: ='CÁLCULO PTU'!J16 -> 0 | C12: ='CÁLCULO PTU'!Q16 -> 0 | D12: =B12-C12 -> 0
A13: ='CÁLCULO PTU'!A17 -> 0 | B13: ='CÁLCULO PTU'!J17 -> 0 | C13: ='CÁLCULO PTU'!Q17 -> 0 | D13: =B13-C13 -> 0
A14: ='CÁLCULO PTU'!A18 -> 0 | B14: ='CÁLCULO PTU'!J18 -> 0 | C14: ='CÁLCULO PTU'!Q18 -> 0 | D14: =B14-C14 -> 0
A15: ='CÁLCULO PTU'!A19 -> 0 | B15: ='CÁLCULO PTU'!J19 -> 0 | C15: ='CÁLCULO PTU'!Q19 -> 0 | D15: =B15-C15 -> 0
A16: ='CÁLCULO PTU'!A20 -> 0 | B16: ='CÁLCULO PTU'!J20 -> 0 | C16: ='CÁLCULO PTU'!Q20 -> 0 | D16: =B16-C16 -> 0
A17: ='CÁLCULO PTU'!A21 -> 0 | B17: ='CÁLCULO PTU'!J21 -> 0 | C17: ='CÁLCULO PTU'!Q21 -> 0 | D17: =B17-C17 -> 0
A18: ='CÁLCULO PTU'!A22 -> 0 | B18: ='CÁLCULO PTU'!J22 -> 0 | C18: ='CÁLCULO PTU'!Q22 -> 0 | D18: =B18-C18 -> 0
... A106: ='CÁLCULO PTU'!A110 -> 0 | B106: ='CÁLCULO PTU'!J110 -> 0 | C106: ='CÁLCULO PTU'!Q110 -> 0 | D106: =B106-C106 -> 0
A107: TOTALES | B107: =SUM(B7:B106) -> 78477.295 | C107: =SUM(C7:C106) -> 9271.0163 | D107: =SUM(D7:D106) -> 69206.279

Sheet CÁLCULO PTU
C3: PTU PENDIENTE DE REPARTIR DE EJERCICIOS ANTERIORES | D3: 0 | G3: PTU a repartir por dias trabajados | H3: =D6/2 -> 50000
A4: CÁLCULO DE PTU 2025
C5: PTU EJERCICIO 2025 | D5: 100000 | G5: PTU a repartir por salarios devengados | H5: =D6/2 -> 50000
C6: PTU A REPARTIR | D6: =D3+D5 -> 100000
A7: *Solo se modifican las celdas coloreadas | C7: UMA | D7: 117.31
C9: En caso de que el trabajador siga activo capturar 31/03/2026 | E9: Si el trabajador ya no está activo capturar salario al momento de la separación | F9: Aplica en caso de que el trabajador haya recibido PTU en por lo menos tres años anteriores
A10: Trabajador | B10: Fecha de ingreso | C10: Fecha de salida | D10: Ingresos percibidos en el ejercicio | E10: Salario diario | F10: Promedio de PTU recibida en los últimos tres años | G10: Dias laborados en el año | H10: PTU base dias laborados | I10: PTU base ingresos | J10: PTU | K10: PTU exenta | L10: PTU gravada | M10: Fracción I ART. 174 | N10: Fracción II ART. 174 | O10: Fracción III ART. 174 | P10: Tasa de retención ART. 174 | Q10: Impuesto a Retener
A11: Trabajador 1 | B11: 44027 | C11: 46112 | D11: 178965 | E11: 342.6 | F11: 0 | G11: =IF(-(_xlfn.DAYS(IF(B11>DATE(2024,1,1),B11,DATE(2024,1,1)),IF(C11<DATE(2024,12,31),C11,DATE(2024,12,31))+1))<1,0,-(_xlfn.DAYS(IF(B11>DATE(2024,1,1),B11,DATE(2024,1,1)),IF(C11<DATE(2024,12,31),C11,DATE(2024,12,31))+1))) -> 366 | H11: =($H$3/SUM($G$11:$G$110))*G11 -> 25000 | I11: =($H$5/SUM($D$11:$D$110))*D11 -> 22266.781 | J11: =IF(H11+I11<IF(F11>(E11*30.4)*3,F11,(E11*30.4)*3),H11+I11,IF(F11>(E11*30.4)*3,F11,(E11*30.4)*3)) -> 31245.12 | K11: =IF(D11<1,0,$D$7*15) -> 1759.65 | L11: =IF(J11-K11<1,0,J11-K11) -> 29485.47 | M11: =(L11/365)*30.4 -> 2455.7761 | N11: =IF(M11>1,IF(C11<DATE(2025,3,31),((((0*30.4)+M11)-VLOOKUP(((0*30.4)+M11),'TABLA ISR'!$B$5:$E$16,1))*(VLOOKUP(((0*30.4)+M11),'TABLA ISR'!$B$5:$E$16,4)))+(VLOOKUP(((0*30.4)+M11),'TABLA ISR'!$B$5:$E$16,3)),((((E11*30.4)+M11)-VLOOKUP(((E11*30.4)+M11),'TABLA ISR'!$B$5:$E$16,1))*(VLOOKUP(((E11*30.4)+M11),'TABLA ISR'!$B$5:$E$16,4)))+(VLOOKUP(((E11*30.4)+M11),'TABLA ISR'!$B$5:$E$16,3))),0) -> 1055.3258 | O11: =IF(L11<1,0,N11-IF(C11<DATE(2025,3,31),0,((E11*30.4)-VLOOKUP(E11*30.4,'TABLA ISR'!$B$5:$E$16,1))*VLOOKUP(E11*30.4,'TABLA ISR'!$B$5:$E$16,4)+VLOOKUP(E11*30.4,'TABLA ISR'!$B$5:$E$16,3))) -> 281.15441 | P11: =IFERROR(O11/M11,0) -> 0.11448698 | Q11: =L11*P11 -> 3375.7026
A12: Trabajador 2 | B12: 44317 | C12: 45911 | D12: 124900.46 | E12: 384.2 | F12: 0 | G12: =IF(-(_xlfn.DAYS(IF(B12>DATE(2024,1,1),B12,DATE(2024,1,1)),IF(C12<DATE(2024,12,31),C12,DATE(2024,12,31))+1))<1,0,-(_xlfn.DAYS(IF(B12>DATE(2024,1,1),B12,DATE(2024,1,1)),IF(C12<DATE(2024,12,31),C12,DATE(2024,12,31))+1))) -> 366 | H12: =($H$3/SUM($G$11:$G$110))*G12 -> 25000 | I12: =($H$5/SUM($D$11:$D$110))*D12 -> 15540.084 | J12: =IF(H12+I12<IF(F12>(E12*30.4)*3,F12,(E12*30.4)*3),H12+I12,IF(F12>(E12*30.4)*3,F12,(E12*30.4)*3)) -> 35039.04 | K12: =IF(D12<1,0,$D$7*15) -> 1759.65 | L12: =IF(J12-K12<1,0,J12-K12) -> 33279.39 | M12: =(L12/365)*30.4 -> 2771.7629 | N12: =IF(M12>1,IF(C12<DATE(2025,3,31),((((0*30.4)+M12)-VLOOKUP(((0*30.4)+M12),'TABLA ISR'!$B$5:$E$16,1))*(VLOOKUP(((0*30.4)+M12),'TABLA ISR'!$B$5:$E$16,4)))+(VLOOKUP(((0*30.4)+M12),'TABLA ISR'!$B$5:$E$16,3)),((((E12*30.4)+M12)-VLOOKUP(((E12*30.4)+M12),'TABLA ISR'!$B$5:$E$16,1))*(VLOOKUP(((E12*30.4)+M12),'TABLA ISR'!$B$5:$E$16,4)))+(VLOOKUP(((E12*30.4)+M12),'TABLA ISR'!$B$5:$E$16,3))),0) -> 1308.2261 | O12: =IF(L12<1,0,N12-IF(C12<DATE(2025,3,31),0,((E12*30.4)-VLOOKUP(E12*30.4,'TABLA ISR'!$B$5:$E$16,1))*VLOOKUP(E12*30.4,'TABLA ISR'!$B$5:$E$16,4)+VLOOKUP(E12*30.4,'TABLA ISR'!$B$5:$E$16,3))) -> 396.46185 | P12: =IFERROR(O12/M12,0) -> 0.14303599 | Q12: =L12*P12 -> 4760.1506
A13: Trabajador 3 | B13: 45854 | C13: 46112 | D13: 98000 | E13: 342.6 | F13: 0 | G13: =IF(-(_xlfn.DAYS(IF(B13>DATE(2024,1,1),B13,DATE(2024,1,1)),IF(C13<DATE(2024,12,31),C13,DATE(2024,12,31))+1))<1,0,-(_xlfn.DAYS(IF(B13>DATE(2024,1,1),B13,DATE(2024,1,1)),IF(C13<DATE(2024,12,31),C13,DATE(2024,12,31))+1))) -> 0 | H13: =($H$3/SUM($G$11:$G$110))*G13 -> 0 | I13: =($H$5/SUM($D$11:$D$110))*D13 -> 12193.135 | J13: =IF(H13+I13<IF(F13>(E13*30.4)*3,F13,(E13*30.4)*3),H13+I13,IF(F13>(E13*30.4)*3,F13,(E13*30.4)*3)) -> 12193.135 | K13: =IF(D13<1,0,$D$7*15) -> 1759.65 | L13: =IF(J13-K13<1,0,J13-K13) -> 10433.485 | M13: =(L13/365)*30.4 -> 868.98071 | N13: =IF(M13>1,IF(C13<DATE(2025,3,31),((((0*30.4)+M13)-VLOOKUP(((0*30.4)+M13),'TABLA ISR'!$B$5:$E$16,1))*(VLOOKUP(((0*30.4)+M13),'TABLA ISR'!$B$5:$E$16,4)))+(VLOOKUP(((0*30.4)+M13),'TABLA ISR'!$B$5:$E$16,3)),((((E13*30.4)+M13)-VLOOKUP(((E13*30.4)+M13),'TABLA ISR'!$B$5:$E$16,1))*(VLOOKUP(((E13*30.4)+M13),'TABLA ISR'!$B$5:$E$16,4)))+(VLOOKUP(((E13*30.4)+M13),'TABLA ISR'!$B$5:$E$16,3))),0) -> 868.71648 | O13: =IF(L13<1,0,N13-IF(C13<DATE(2025,3,31),0,((E13*30.4)-VLOOKUP(E13*30.4,'TABLA ISR'!$B$5:$E$16,1))*VLOOKUP(E13*30.4,'TABLA ISR'!$B$5:$E$16,4)+VLOOKUP(E13*30.4,'TABLA ISR'!$B$5:$E$16,3))) -> 94.545101 | P13: =IFERROR(O13/M13,0) -> 0.1088 | Q13: =L13*P13 -> 1135.1632
E14: 0 | F14: 0 | G14: =IF(-(_xlfn.DAYS(IF(B14>DATE(2024,1,1),B14,DATE(2024,1,1)),IF(C14<DATE(2024,12,31),C14,DATE(2024,12,31))+1))<1,0,-(_xlfn.DAYS(IF(B14>DATE(2024,1,1),B14,DATE(2024,1,1)),IF(C14<DATE(2024,12,31),C14,DATE(2024,12,31))+1))) -> 0 | H14: =($H$3/SUM($G$11:$G$110))*G14 -> 0 | I14: =($H$5/SUM($D$11:$D$110))*D14 -> 0 | J14: =IF(H14+I14<IF(F14>(E14*30.4)*3,F14,(E14*30.4)*3),H14+I14,IF(F14>(E14*30.4)*3,F14,(E14*30.4)*3)) -> 0 | K14: =IF(D14<1,0,$D$7*15) -> 0 | L14: =IF(J14-K14<1,0,J14-K14) -> 0 | M14: =(L14/365)*30.4 -> 0 | N14: =IF(M14>1,IF(C14<DATE(2025,3,31),((((0*30.4)+M14)-VLOOKUP(((0*30.4)+M14),'TABLA ISR'!$B$5:$E$16,1))*(VLOOKUP(((0*30.4)+M14),'TABLA ISR'!$B$5:$E$16,4)))+(VLOOKUP(((0*30.4)+M14),'TABLA ISR'!$B$5:$E$16,3)),((((E14*30.4)+M14)-VLOOKUP(((E14*30.4)+M14),'TABLA ISR'!$B$5:$E$16,1))*(VLOOKUP(((E14*30.4)+M14),'TABLA ISR'!$B$5:$E$16,4)))+(VLOOKUP(((E14*30.4)+M14),'TABLA ISR'!$B$5:$E$16,3))),0) -> 0 | O14: =IF(L14<1,0,N14-IF(C14<DATE(2025,3,31),0,((E14*30.4)-VLOOKUP(E14*30.4,'TABLA ISR'!$B$5:$E$16,1))*VLOOKUP(E14*30.4,'TABLA ISR'!$B$5:$E$16,4)+VLOOKUP(E14*30.4,'TABLA ISR'!$B$5:$E$16,3))) -> 0 | P14: =IFERROR(O14/M14,0) -> 0 | Q14: =L14*P14 -> 0
E15: 0 | F15: 0 | G15: =IF(-(_xlfn.DAYS(IF(B15>DATE(2024,1,1),B15,DATE(2024,1,1)),IF(C15<DATE(2024,12,31),C15,DATE(2024,12,31))+1))<1,0,-(_xlfn.DAYS(IF(B15>DATE(2024,1,1),B15,DATE(2024,1,1)),IF(C15<DATE(2024,12,31),C15,DATE(2024,12,31))+1))) -> 0 | H15: =($H$3/SUM($G$11:$G$110))*G15 -> 0 | I15: =($H$5/SUM($D$11:$D$110))*D15 -> 0 | J15: =IF(H15+I15<IF(F15>(E15*30.4)*3,F15,(E15*30.4)*3),H15+I15,IF(F15>(E15*30.4)*3,F15,(E15*30.4)*3)) -> 0 | K15: =IF(D15<1,0,$D$7*15) -> 0 | L15: =IF(J15-K15<1,0,J15-K15) -> 0 | M15: =(L15/365)*30.4 -> 0 | N15: =IF(M15>1,IF(C15<DATE(2025,3,31),((((0*30.4)+M15)-VLOOKUP(((0*30.4)+M15),'TABLA ISR'!$B$5:$E$16,1))*(VLOOKUP(((0*30.4)+M15),'TABLA ISR'!$B$5:$E$16,4)))+(VLOOKUP(((0*30.4)+M15),'TABLA ISR'!$B$5:$E$16,3)),((((E15*30.4)+M15)-VLOOKUP(((E15*30.4)+M15),'TABLA ISR'!$B$5:$E$16,1))*(VLOOKUP(((E15*30.4)+M15),'TABLA ISR'!$B$5:$E$16,4)))+(VLOOKUP(((E15*30.4)+M15),'TABLA ISR'!$B$5:$E$16,3))),0) -> 0 | O15: =IF(L15<1,0,N15-IF(C15<DATE(2025,3,31),0,((E15*30.4)-VLOOKUP(E15*30.4,'TABLA ISR'!$B$5:$E$16,1))*VLOOKUP(E15*30.4,'TABLA ISR'!$B$5:$E$16,4)+VLOOKUP(E15*30.4,'TABLA ISR'!$B$5:$E$16,3))) -> 0 | P15: =IFERROR(O15/M15,0) -> 0 | Q15: =L15*P15 -> 0
E16: 0 | F16: 0 | G16: =IF(-(_xlfn.DAYS(IF(B16>DATE(2024,1,1),B16,DATE(2024,1,1)),IF(C16<DATE(2024,12,31),C16,DATE(2024,12,31))+1))<1,0,-(_xlfn.DAYS(IF(B16>DATE(2024,1,1),B16,DATE(2024,1,1)),IF(C16<DATE(2024,12,31),C16,DATE(2024,12,31))+1))) -> 0 | H16: =($H$3/SUM($G$11:$G$110))*G16 -> 0 | I16: =($H$5/SUM($D$11:$D$110))*D16 -> 0 | J16: =IF(H16+I16<IF(F16>(E16*30.4)*3,F16,(E16*30.4)*3),H16+I16,IF(F16>(E16*30.4)*3,F16,(E16*30.4)*3)) -> 0 | K16: =IF(D16<1,0,$D$7*15) -> 0 | L16: =IF(J16-K16<1,0,J16-K16) -> 0 | M16: =(L16/365)*30.4 -> 0 | N16: =IF(M16>1,IF(C16<DATE(2025,3,31),((((0*30.4)+M16)-VLOOKUP(((0*30.4)+M16),'TABLA ISR'!$B$5:$E$16,1))*(VLOOKUP(((0*30.4)+M16),'TABLA ISR'!$B$5:$E$16,4)))+(VLOOKUP(((0*30.4)+M16),'TABLA ISR'!$B$5:$E$16,3)),((((E16*30.4)+M16)-VLOOKUP(((E16*30.4)+M16),'TABLA ISR'!$B$5:$E$16,1))*(VLOOKUP(((E16*30.4)+M16),'TABLA ISR'!$B$5:$E$16,4)))+(VLOOKUP(((E16*30.4)+M16),'TABLA ISR'!$B$5:$E$16,3))),0) -> 0 | O16: =IF(L16<1,0,N16-IF(C16<DATE(2025,3,31),0,((E16*30.4)-VLOOKUP(E16*30.4,'TABLA ISR'!$B$5:$E$16,1))*VLOOKUP(E16*30.4,'TABLA ISR'!$B$5:$E$16,4)+VLOOKUP(E16*30.4,'TABLA ISR'!$B$5:$E$16,3))) -> 0 | P16: =IFERROR(O16/M16,0) -> 0 | Q16: =L16*P16 -> 0
E17: 0 | F17: 0 | G17: =IF(-(_xlfn.DAYS(IF(B17>DATE(2024,1,1),B17,DATE(2024,1,1)),IF(C17<DATE(2024,12,31),C17,DATE(2024,12,31))+1))<1,0,-(_xlfn.DAYS(IF(B17>DATE(2024,1,1),B17,DATE(2024,1,1)),IF(C17<DATE(2024,12,31),C17,DATE(2024,12,31))+1))) -> 0 | H17: =($H$3/SUM($G$11:$G$110))*G17 -> 0 | I17: =($H$5/SUM($D$11:$D$110))*D17 -> 0 | J17: =IF(H17+I17<IF(F17>(E17*30.4)*3,F17,(E17*30.4)*3),H17+I17,IF(F17>(E17*30.4)*3,F17,(E17*30.4)*3)) -> 0 | K17: =IF(D17<1,0,$D$7*15) -> 0 | L17: =IF(J17-K17<1,0,J17-K17) -> 0 | M17: =(L17/365)*30.4 -> 0 | N17: =IF(M17>1,IF(C17<DATE(2025,3,31),((((0*30.4)+M17)-VLOOKUP(((0*30.4)+M17),'TABLA ISR'!$B$5:$E$16,1))*(VLOOKUP(((0*30.4)+M17),'TABLA ISR'!$B$5:$E$16,4)))+(VLOOKUP(((0*30.4)+M17),'TABLA ISR'!$B$5:$E$16,3)),((((E17*30.4)+M17)-VLOOKUP(((E17*30.4)+M17),'TABLA ISR'!$B$5:$E$16,1))*(VLOOKUP(((E17*30.4)+M17),'TABLA ISR'!$B$5:$E$16,4)))+(VLOOKUP(((E17*30.4)+M17),'TABLA ISR'!$B$5:$E$16,3))),0) -> 0 | O17: =IF(L17<1,0,N17-IF(C17<DATE(2025,3,31),0,((E17*30.4)-VLOOKUP(E17*30.4,'TABLA ISR'!$B$5:$E$16,1))*VLOOKUP(E17*30.4,'TABLA ISR'!$B$5:$E$16,4)+VLOOKUP(E17*30.4,'TABLA ISR'!$B$5:$E$16,3))) -> 0 | P17: =IFERROR(O17/M17,0) -> 0 | Q17: =L17*P17 -> 0
E18: 0 | F18: 0 | G18: =IF(-(_xlfn.DAYS(IF(B18>DATE(2024,1,1),B18,DATE(2024,1,1)),IF(C18<DATE(2024,12,31),C18,DATE(2024,12,31))+1))<1,0,-(_xlfn.DAYS(IF(B18>DATE(2024,1,1),B18,DATE(2024,1,1)),IF(C18<DATE(2024,12,31),C18,DATE(2024,12,31))+1))) -> 0 | H18: =($H$3/SUM($G$11:$G$110))*G18 -> 0 | I18: =($H$5/SUM($D$11:$D$110))*D18 -> 0 | J18: =IF(H18+I18<IF(F18>(E18*30.4)*3,F18,(E18*30.4)*3),H18+I18,IF(F18>(E18*30.4)*3,F18,(E18*30.4)*3)) -> 0 | K18: =IF(D18<1,0,$D$7*15) -> 0 | L18: =IF(J18-K18<1,0,J18-K18) -> 0 | M18: =(L18/365)*30.4 -> 0 | N18: =IF(M18>1,IF(C18<DATE(2025,3,31),((((0*30.4)+M18)-VLOOKUP(((0*30.4)+M18),'TABLA ISR'!$B$5:$E$16,1))*(VLOOKUP(((0*30.4)+M18),'TABLA ISR'!$B$5:$E$16,4)))+(VLOOKUP(((0*30.4)+M18),'TABLA ISR'!$B$5:$E$16,3)),((((E18*30.4)+M18)-VLOOKUP(((E18*30.4)+M18),'TABLA ISR'!$B$5:$E$16,1))*(VLOOKUP(((E18*30.4)+M18),'TABLA ISR'!$B$5:$E$16,4)))+(VLOOKUP(((E18*30.4)+M18),'TABLA ISR'!$B$5:$E$16,3))),0) -> 0 | O18: =IF(L18<1,0,N18-IF(C18<DATE(2025,3,31),0,((E18*30.4)-VLOOKUP(E18*30.4,'TABLA ISR'!$B$5:$E$16,1))*VLOOKUP(E18*30.4,'TABLA ISR'!$B$5:$E$16,4)+VLOOKUP(E18*30.4,'TABLA ISR'!$B$5:$E$16,3))) -> 0 | P18: =IFERROR(O18/M18,0) -> 0 | Q18: =L18*P18 -> 0
E19: 0 | F19: 0 | G19: =IF(-(_xlfn.DAYS(IF(B19>DATE(2024,1,1),B19,DATE(2024,1,1)),IF(C19<DATE(2024,12,31),C19,DATE(2024,12,31))+1))<1,0,-(_xlfn.DAYS(IF(B19>DATE(2024,1,1),B19,DATE(2024,1,1)),IF(C19<DATE(2024,12,31),C19,DATE(2024,12,31))+1))) -> 0 | H19: =($H$3/SUM($G$11:$G$110))*G19 -> 0 | I19: =($H$5/SUM($D$11:$D$110))*D19 -> 0 | J19: =IF(H19+I19<IF(F19>(E19*30.4)*3,F19,(E19*30.4)*3),H19+I19,IF(F19>(E19*30.4)*3,F19,(E19*30.4)*3)) -> 0 | K19: =IF(D19<1,0,$D$7*15) -> 0 | L19: =IF(J19-K19<1,0,J19-K19) -> 0 | M19: =(L19/365)*30.4 -> 0 | N19: =IF(M19>1,IF(C19<DATE(2025,3,31),((((0*30.4)+M19)-VLOOKUP(((0*30.4)+M19),'TABLA ISR'!$B$5:$E$16,1))*(VLOOKUP(((0*30.4)+M19),'TABLA ISR'!$B$5:$E$16,4)))+(VLOOKUP(((0*30.4)+M19),'TABLA ISR'!$B$5:$E$16,3)),((((E19*30.4)+M19)-VLOOKUP(((E19*30.4)+M19),'TABLA ISR'!$B$5:$E$16,1))*(VLOOKUP(((E19*30.4)+M19),'TABLA ISR'!$B$5:$E$16,4)))+(VLOOKUP(((E19*30.4)+M19),'TABLA ISR'!$B$5:$E$16,3))),0) -> 0 | O19: =IF(L19<1,0,N19-IF(C19<DATE(2025,3,31),0,((E19*30.4)-VLOOKUP(E19*30.4,'TABLA ISR'!$B$5:$E$16,1))*VLOOKUP(E19*30.4,'TABLA ISR'!$B$5:$E$16,4)+VLOOKUP(E19*30.4,'TABLA ISR'!$B$5:$E$16,3))) -> 0 | P19: =IFERROR(O19/M19,0) -> 0 | Q19: =L19*P19 -> 0
E20: 0 | F20: 0 | G20: =IF(-(_xlfn.DAYS(IF(B20>DATE(2024,1,1),B20,DATE(2024,1,1)),IF(C20<DATE(2024,12,31),C20,DATE(2024,12,31))+1))<1,0,-(_xlfn.DAYS(IF(B20>DATE(2024,1,1),B20,DATE(2024,1,1)),IF(C20<DATE(2024,12,31),C20,DATE(2024,12,31))+1))) -> 0 | H20: =($H$3/SUM($G$11:$G$110))*G20 -> 0 | I20: =($H$5/SUM($D$11:$D$110))*D20 -> 0 | J20: =IF(H20+I20<IF(F20>(E20*30.4)*3,F20,(E20*30.4)*3),H20+I20,IF(F20>(E20*30.4)*3,F20,(E20*30.4)*3)) -> 0 | K20: =IF(D20<1,0,$D$7*15) -> 0 | L20: =IF(J20-K20<1,0,J20-K20) -> 0 | M20: =(L20/365)*30.4 -> 0 | N20: =IF(M20>1,IF(C20<DATE(2025,3,31),((((0*30.4)+M20)-VLOOKUP(((0*30.4)+M20),'TABLA ISR'!$B$5:$E$16,1))*(VLOOKUP(((0*30.4)+M20),'TABLA ISR'!$B$5:$E$16,4)))+(VLOOKUP(((0*30.4)+M20),'TABLA ISR'!$B$5:$E$16,3)),((((E20*30.4)+M20)-VLOOKUP(((E20*30.4)+M20),'TABLA ISR'!$B$5:$E$16,1))*(VLOOKUP(((E20*30.4)+M20),'TABLA ISR'!$B$5:$E$16,4)))+(VLOOKUP(((E20*30.4)+M20),'TABLA ISR'!$B$5:$E$16,3))),0) -> 0 | O20: =IF(L20<1,0,N20-IF(C20<DATE(2025,3,31),0,((E20*30.4)-VLOOKUP(E20*30.4,'TABLA ISR'!$B$5:$E$16,1))*VLOOKUP(E20*30.4,'TABLA ISR'!$B$5:$E$16,4)+VLOOKUP(E20*30.4,'TABLA ISR'!$B$5:$E$16,3))) -> 0 | P20: =IFERROR(O20/M20,0) -> 0 | Q20: =L20*P20 -> 0
G21: =IF(-(_xlfn.DAYS(IF(B21>DATE(2024,1,1),B21,DATE(2024,1,1)),IF(C21<DATE(2024,12,31),C21,DATE(2024,12,31))+1))<1,0,-(_xlfn.DAYS(IF(B21>DATE(2024,1,1),B21,DATE(2024,1,1)),IF(C21<DATE(2024,12,31),C21,DATE(2024,12,31))+1))) -> 0 | H21: =($H$3/SUM($G$11:$G$110))*G21 -> 0 | I21: =($H$5/SUM($D$11:$D$110))*D21 -> 0 | J21: =IF(H21+I21<IF(F21>(E21*30.4)*3,F21,(E21*30.4)*3),H21+I21,IF(F21>(E21*30.4)*3,F21,(E21*30.4)*3)) -> 0 | K21: =IF(D21<1,0,$D$7*15) -> 0 | L21: =IF(J21-K21<1,0,J21-K21) -> 0 | M21: =(L21/365)*30.4 -> 0 | N21: =IF(M21>1,IF(C21<DATE(2025,3,31),((((0*30.4)+M21)-VLOOKUP(((0*30.4)+M21),'TABLA ISR'!$B$5:$E$16,1))*(VLOOKUP(((0*30.4)+M21),'TABLA ISR'!$B$5:$E$16,4)))+(VLOOKUP(((0*30.4)+M21),'TABLA ISR'!$B$5:$E$16,3)),((((E21*30.4)+M21)-VLOOKUP(((E21*30.4)+M21),'TABLA ISR'!$B$5:$E$16,1))*(VLOOKUP(((E21*30.4)+M21),'TABLA ISR'!$B$5:$E$16,4)))+(VLOOKUP(((E21*30.4)+M21),'TABLA ISR'!$B$5:$E$16,3))),0) -> 0 | O21: =IF(L21<1,0,N21-IF(C21<DATE(2025,3,31),0,((E21*30.4)-VLOOKUP(E21*30.4,'TABLA ISR'!$B$5:$E$16,1))*VLOOKUP(E21*30.4,'TABLA ISR'!$B$5:$E$16,4)+VLOOKUP(E21*30.4,'TABLA ISR'!$B$5:$E$16,3))) -> 0 | P21: =IFERROR(O21/M21,0) -> 0 | Q21: =L21*P21 -> 0
G22: =IF(-(_xlfn.DAYS(IF(B22>DATE(2024,1,1),B22,DATE(2024,1,1)),IF(C22<DATE(2024,12,31),C22,DATE(2024,12,31))+1))<1,0,-(_xlfn.DAYS(IF(B22>DATE(2024,1,1),B22,DATE(2024,1,1)),IF(C22<DATE(2024,12,31),C22,DATE(2024,12,31))+1))) -> 0 | H22: =($H$3/SUM($G$11:$G$110))*G22 -> 0 | I22: =($H$5/SUM($D$11:$D$110))*D22 -> 0 | J22: =IF(H22+I22<IF(F22>(E22*30.4)*3,F22,(E22*30.4)*3),H22+I22,IF(F22>(E22*30.4)*3,F22,(E22*30.4)*3)) -> 0 | K22: =IF(D22<1,0,$D$7*15) -> 0 | L22: =IF(J22-K22<1,0,J22-K22) -> 0 | M22: =(L22/365)*30.4 -> 0 | N22: =IF(M22>1,IF(C22<DATE(2025,3,31),((((0*30.4)+M22)-VLOOKUP(((0*30.4)+M22),'TABLA ISR'!$B$5:$E$16,1))*(VLOOKUP(((0*30.4)+M22),'TABLA ISR'!$B$5:$E$16,4)))+(VLOOKUP(((0*30.4)+M22),'TABLA ISR'!$B$5:$E$16,3)),((((E22*30.4)+M22)-VLOOKUP(((E22*30.4)+M22),'TABLA ISR'!$B$5:$E$16,1))*(VLOOKUP(((E22*30.4)+M22),'TABLA ISR'!$B$5:$E$16,4)))+(VLOOKUP(((E22*30.4)+M22),'TABLA ISR'!$B$5:$E$16,3))),0) -> 0 | O22: =IF(L22<1,0,N22-IF(C22<DATE(2025,3,31),0,((E22*30.4)-VLOOKUP(E22*30.4,'TABLA ISR'!$B$5:$E$16,1))*VLOOKUP(E22*30.4,'TABLA ISR'!$B$5:$E$16,4)+VLOOKUP(E22*30.4,'TABLA ISR'!$B$5:$E$16,3))) -> 0 | P22: =IFERROR(O22/M22,0) -> 0 | Q22: =L22*P22 -> 0
G23: =IF(-(_xlfn.DAYS(IF(B23>DATE(2024,1,1),B23,DATE(2024,1,1)),IF(C23<DATE(2024,12,31),C23,DATE(2024,12,31))+1))<1,0,-(_xlfn.DAYS(IF(B23>DATE(2024,1,1),B23,DATE(2024,1,1)),IF(C23<DATE(2024,12,31),C23,DATE(2024,12,31))+1))) -> 0 | H23: =($H$3/SUM($G$11:$G$110))*G23 -> 0 | I23: =($H$5/SUM($D$11:$D$110))*D23 -> 0 | J23: =IF(H23+I23<IF(F23>(E23*30.4)*3,F23,(E23*30.4)*3),H23+I23,IF(F23>(E23*30.4)*3,F23,(E23*30.4)*3)) -> 0 | K23: =IF(D23<1,0,$D$7*15) -> 0 | L23: =IF(J23-K23<1,0,J23-K23) -> 0 | M23: =(L23/365)*30.4 -> 0 | N23: =IF(M23>1,IF(C23<DATE(2025,3,31),((((0*30.4)+M23)-VLOOKUP(((0*30.4)+M23),'TABLA ISR'!$B$5:$E$16,1))*(VLOOKUP(((0*30.4)+M23),'TABLA ISR'!$B$5:$E$16,4)))+(VLOOKUP(((0*30.4)+M23),'TABLA ISR'!$B$5:$E$16,3)),((((E23*30.4)+M23)-VLOOKUP(((E23*30.4)+M23),'TABLA ISR'!$B$5:$E$16,1))*(VLOOKUP(((E23*30.4)+M23),'TABLA ISR'!$B$5:$E$16,4)))+(VLOOKUP(((E23*30.4)+M23),'TABLA ISR'!$B$5:$E$16,3))),0) -> 0 | O23: =IF(L23<1,0,N23-IF(C23<DATE(2025,3,31),0,((E23*30.4)-VLOOKUP(E23*30.4,'TABLA ISR'!$B$5:$E$16,1))*VLOOKUP(E23*30.4,'TABLA ISR'!$B$5:$E$16,4)+VLOOKUP(E23*30.4,'TABLA ISR'!$B$5:$E$16,3))) -> 0 | P23: =IFERROR(O23/M23,0) -> 0 | Q23: =L23*P23 -> 0
G24: =IF(-(_xlfn.DAYS(IF(B24>DATE(2024,1,1),B24,DATE(2024,1,1)),IF(C24<DATE(2024,12,31),C24,DATE(2024,12,31))+1))<1,0,-(_xlfn.DAYS(IF(B24>DATE(2024,1,1),B24,DATE(2024,1,1)),IF(C24<DATE(2024,12,31),C24,DATE(2024,12,31))+1))) -> 0 | H24: =($H$3/SUM($G$11:$G$110))*G24 -> 0 | I24: =($H$5/SUM($D$11:$D$110))*D24 -> 0 | J24: =IF(H24+I24<IF(F24>(E24*30.4)*3,F24,(E24*30.4)*3),H24+I24,IF(F24>(E24*30.4)*3,F24,(E24*30.4)*3)) -> 0 | K24: =IF(D24<1,0,$D$7*15) -> 0 | L24: =IF(J24-K24<1,0,J24-K24) -> 0 | M24: =(L24/365)*30.4 -> 0 | N24: =IF(M24>1,IF(C24<DATE(2025,3,31),((((0*30.4)+M24)-VLOOKUP(((0*30.4)+M24),'TABLA ISR'!$B$5:$E$16,1))*(VLOOKUP(((0*30.4)+M24),'TABLA ISR'!$B$5:$E$16,4)))+(VLOOKUP(((0*30.4)+M24),'TABLA ISR'!$B$5:$E$16,3)),((((E24*30.4)+M24)-VLOOKUP(((E24*30.4)+M24),'TABLA ISR'!$B$5:$E$16,1))*(VLOOKUP(((E24*30.4)+M24),'TABLA ISR'!$B$5:$E$16,4)))+(VLOOKUP(((E24*30.4)+M24),'TABLA ISR'!$B$5:$E$16,3))),0) -> 0 | O24: =IF(L24<1,0,N24-IF(C24<DATE(2025,3,31),0,((E24*30.4)-VLOOKUP(E24*30.4,'TABLA ISR'!$B$5:$E$16,1))*VLOOKUP(E24*30.4,'TABLA ISR'!$B$5:$E$16,4)+VLOOKUP(E24*30.4,'TABLA ISR'!$B$5:$E$16,3))) -> 0 | P24: =IFERROR(O24/M24,0) -> 0 | Q24: =L24*P24 -> 0
G25: =IF(-(_xlfn.DAYS(IF(B25>DATE(2024,1,1),B25,DATE(2024,1,1)),IF(C25<DATE(2024,12,31),C25,DATE(2024,12,31))+1))<1,0,-(_xlfn.DAYS(IF(B25>DATE(2024,1,1),B25,DATE(2024,1,1)),IF(C25<DATE(2024,12,31),C25,DATE(2024,12,31))+1))) -> 0 | H25: =($H$3/SUM($G$11:$G$110))*G25 -> 0 | I25: =($H$5/SUM($D$11:$D$110))*D25 -> 0 | J25: =IF(H25+I25<IF(F25>(E25*30.4)*3,F25,(E25*30.4)*3),H25+I25,IF(F25>(E25*30.4)*3,F25,(E25*30.4)*3)) -> 0 | K25: =IF(D25<1,0,$D$7*15) -> 0 | L25: =IF(J25-K25<1,0,J25-K25) -> 0 | M25: =(L25/365)*30.4 -> 0 | N25: =IF(M25>1,IF(C25<DATE(2025,3,31),((((0*30.4)+M25)-VLOOKUP(((0*30.4)+M25),'TABLA ISR'!$B$5:$E$16,1))*(VLOOKUP(((0*30.4)+M25),'TABLA ISR'!$B$5:$E$16,4)))+(VLOOKUP(((0*30.4)+M25),'TABLA ISR'!$B$5:$E$16,3)),((((E25*30.4)+M25)-VLOOKUP(((E25*30.4)+M25),'TABLA ISR'!$B$5:$E$16,1))*(VLOOKUP(((E25*30.4)+M25),'TABLA ISR'!$B$5:$E$16,4)))+(VLOOKUP(((E25*30.4)+M25),'TABLA ISR'!$B$5:$E$16,3))),0) -> 0 | O25: =IF(L25<1,0,N25-IF(C25<DATE(2025,3,31),0,((E25*30.4)-VLOOKUP(E25*30.4,'TABLA ISR'!$B$5:$E$16,1))*VLOOKUP(E25*30.4,'TABLA ISR'!$B$5:$E$16,4)+VLOOKUP(E25*30.4,'TABLA ISR'!$B$5:$E$16,3))) -> 0 | P25: =IFERROR(O25/M25,0) -> 0 | Q25: =L25*P25 -> 0
G26: =IF(-(_xlfn.DAYS(IF(B26>DATE(2024,1,1),B26,DATE(2024,1,1)),IF(C26<DATE(2024,12,31),C26,DATE(2024,12,31))+1))<1,0,-(_xlfn.DAYS(IF(B26>DATE(2024,1,1),B26,DATE(2024,1,1)),IF(C26<DATE(2024,12,31),C26,DATE(2024,12,31))+1))) -> 0 | H26: =($H$3/SUM($G$11:$G$110))*G26 -> 0 | I26: =($H$5/SUM($D$11:$D$110))*D26 -> 0 | J26: =IF(H26+I26<IF(F26>(E26*30.4)*3,F26,(E26*30.4)*3),H26+I26,IF(F26>(E26*30.4)*3,F26,(E26*30.4)*3)) -> 0 | K26: =IF(D26<1,0,$D$7*15) -> 0 | L26: =IF(J26-K26<1,0,J26-K26) -> 0 | M26: =(L26/365)*30.4 -> 0 | N26: =IF(M26>1,IF(C26<DATE(2025,3,31),((((0*30.4)+M26)-VLOOKUP(((0*30.4)+M26),'TABLA ISR'!$B$5:$E$16,1))*(VLOOKUP(((0*30.4)+M26),'TABLA ISR'!$B$5:$E$16,4)))+(VLOOKUP(((0*30.4)+M26),'TABLA ISR'!$B$5:$E$16,3)),((((E26*30.4)+M26)-VLOOKUP(((E26*30.4)+M26),'TABLA ISR'!$B$5:$E$16,1))*(VLOOKUP(((E26*30.4)+M26),'TABLA ISR'!$B$5:$E$16,4)))+(VLOOKUP(((E26*30.4)+M26),'TABLA ISR'!$B$5:$E$16,3))),0) -> 0 | O26: =IF(L26<1,0,N26-IF(C26<DATE(2025,3,31),0,((E26*30.4)-VLOOKUP(E26*30.4,'TABLA ISR'!$B$5:$E$16,1))*VLOOKUP(E26*30.4,'TABLA ISR'!$B$5:$E$16,4)+VLOOKUP(E26*30.4,'TABLA ISR'!$B$5:$E$16,3))) -> 0 | P26: =IFERROR(O26/M26,0) -> 0 | Q26: =L26*P26 -> 0
G27: =IF(-(_xlfn.DAYS(IF(B27>DATE(2024,1,1),B27,DATE(2024,1,1)),IF(C27<DATE(2024,12,31),C27,DATE(2024,12,31))+1))<1,0,-(_xlfn.DAYS(IF(B27>DATE(2024,1,1),B27,DATE(2024,1,1)),IF(C27<DATE(2024,12,31),C27,DATE(2024,12,31))+1))) -> 0 | H27: =($H$3/SUM($G$11:$G$110))*G27 -> 0 | I27: =($H$5/SUM($D$11:$D$110))*D27 -> 0 | J27: =IF(H27+I27<IF(F27>(E27*30.4)*3,F27,(E27*30.4)*3),H27+I27,IF(F27>(E27*30.4)*3,F27,(E27*30.4)*3)) -> 0 | K27: =IF(D27<1,0,$D$7*15) -> 0 | L27: =IF(J27-K27<1,0,J27-K27) -> 0 | M27: =(L27/365)*30.4 -> 0 | N27: =IF(M27>1,IF(C27<DATE(2025,3,31),((((0*30.4)+M27)-VLOOKUP(((0*30.4)+M27),'TABLA ISR'!$B$5:$E$16,1))*(VLOOKUP(((0*30.4)+M27),'TABLA ISR'!$B$5:$E$16,4)))+(VLOOKUP(((0*30.4)+M27),'TABLA ISR'!$B$5:$E$16,3)),((((E27*30.4)+M27)-VLOOKUP(((E27*30.4)+M27),'TABLA ISR'!$B$5:$E$16,1))*(VLOOKUP(((E27*30.4)+M27),'TABLA ISR'!$B$5:$E$16,4)))+(VLOOKUP(((E27*30.4)+M27),'TABLA ISR'!$B$5:$E$16,3))),0) -> 0 | O27: =IF(L27<1,0,N27-IF(C27<DATE(2025,3,31),0,((E27*30.4)-VLOOKUP(E27*30.4,'TABLA ISR'!$B$5:$E$16,1))*VLOOKUP(E27*30.4,'TABLA ISR'!$B$5:$E$16,4)+VLOOKUP(E27*30.4,'TABLA ISR'!$B$5:$E$16,3))) -> 0 | P27: =IFERROR(O27/M27,0) -> 0 | Q27: =L27*P27 -> 0
G28: =IF(-(_xlfn.DAYS(IF(B28>DATE(2024,1,1),B28,DATE(2024,1,1)),IF(C28<DATE(2024,12,31),C28,DATE(2024,12,31))+1))<1,0,-(_xlfn.DAYS(IF(B28>DATE(2024,1,1),B28,DATE(2024,1,1)),IF(C28<DATE(2024,12,31),C28,DATE(2024,12,31))+1))) -> 0 | H28: =($H$3/SUM($G$11:$G$110))*G28 -> 0 | I28: =($H$5/SUM($D$11:$D$110))*D28 -> 0 | J28: =IF(H28+I28<IF(F28>(E28*30.4)*3,F28,(E28*30.4)*3),H28+I28,IF(F28>(E28*30.4)*3,F28,(E28*30.4)*3)) -> 0 | K28: =IF(D28<1,0,$D$7*15) -> 0 | L28: =IF(J28-K28<1,0,J28-K28) -> 0 | M28: =(L28/365)*30.4 -> 0 | N28: =IF(M28>1,IF(C28<DATE(2025,3,31),((((0*30.4)+M28)-VLOOKUP(((0*30.4)+M28),'TABLA ISR'!$B$5:$E$16,1))*(VLOOKUP(((0*30.4)+M28),'TABLA ISR'!$B$5:$E$16,4)))+(VLOOKUP(((0*30.4)+M28),'TABLA ISR'!$B$5:$E$16,3)),((((E28*30.4)+M28)-VLOOKUP(((E28*30.4)+M28),'TABLA ISR'!$B$5:$E$16,1))*(VLOOKUP(((E28*30.4)+M28),'TABLA ISR'!$B$5:$E$16,4)))+(VLOOKUP(((E28*30.4)+M28),'TABLA ISR'!$B$5:$E$16,3))),0) -> 0 | O28: =IF(L28<1,0,N28-IF(C28<DATE(2025,3,31),0,((E28*30.4)-VLOOKUP(E28*30.4,'TABLA ISR'!$B$5:$E$16,1))*VLOOKUP(E28*30.4,'TABLA ISR'!$B$5:$E$16,4)+VLOOKUP(E28*30.4,'TABLA ISR'!$B$5:$E$16,3))) -> 0 | P28: =IFERROR(O28/M28,0) -> 0 | Q28: =L28*P28 -> 0
G29: =IF(-(_xlfn.DAYS(IF(B29>DATE(2024,1,1),B29,DATE(2024,1,1)),IF(C29<DATE(2024,12,31),C29,DATE(2024,12,31))+1))<1,0,-(_xlfn.DAYS(IF(B29>DATE(2024,1,1),B29,DATE(2024,1,1)),IF(C29<DATE(2024,12,31),C29,DATE(2024,12,31))+1))) -> 0 | H29: =($H$3/SUM($G$11:$G$110))*G29 -> 0 | I29: =($H$5/SUM($D$11:$D$110))*D29 -> 0 | J29: =IF(H29+I29<IF(F29>(E29*30.4)*3,F29,(E29*30.4)*3),H29+I29,IF(F29>(E29*30.4)*3,F29,(E29*30.4)*3)) -> 0 | K29: =IF(D29<1,0,$D$7*15) -> 0 | L29: =IF(J29-K29<1,0,J29-K29) -> 0 | M29: =(L29/365)*30.4 -> 0 | N29: =IF(M29>1,IF(C29<DATE(2025,3,31),((((0*30.4)+M29)-VLOOKUP(((0*30.4)+M29),'TABLA ISR'!$B$5:$E$16,1))*(VLOOKUP(((0*30.4)+M29),'TABLA ISR'!$B$5:$E$16,4)))+(VLOOKUP(((0*30.4)+M29),'TABLA ISR'!$B$5:$E$16,3)),((((E29*30.4)+M29)-VLOOKUP(((E29*30.4)+M29),'TABLA ISR'!$B$5:$E$16,1))*(VLOOKUP(((E29*30.4)+M29),'TABLA ISR'!$B$5:$E$16,4)))+(VLOOKUP(((E29*30.4)+M29),'TABLA ISR'!$B$5:$E$16,3))),0) -> 0 | O29: =IF(L29<1,0,N29-IF(C29<DATE(2025,3,31),0,((E29*30.4)-VLOOKUP(E29*30.4,'TABLA ISR'!$B$5:$E$16,1))*VLOOKUP(E29*30.4,'TABLA ISR'!$B$5:$E$16,4)+VLOOKUP(E29*30.4,'TABLA ISR'!$B$5:$E$16,3))) -> 0 | P29: =IFERROR(O29/M29,0) -> 0 | Q29: =L29*P29 -> 0
G30: =IF(-(_xlfn.DAYS(IF(B30>DATE(2024,1,1),B30,DATE(2024,1,1)),IF(C30<DATE(2024,12,31),C30,DATE(2024,12,31))+1))<1,0,-(_xlfn.DAYS(IF(B30>DATE(2024,1,1),B30,DATE(2024,1,1)),IF(C30<DATE(2024,12,31),C30,DATE(2024,12,31))+1))) -> 0 | H30: =($H$3/SUM($G$11:$G$110))*G30 -> 0 | I30: =($H$5/SUM($D$11:$D$110))*D30 -> 0 | J30: =IF(H30+I30<IF(F30>(E30*30.4)*3,F30,(E30*30.4)*3),H30+I30,IF(F30>(E30*30.4)*3,F30,(E30*30.4)*3)) -> 0 | K30: =IF(D30<1,0,$D$7*15) -> 0 | L30: =IF(J30-K30<1,0,J30-K30) -> 0 | M30: =(L30/365)*30.4 -> 0 | N30: =IF(M30>1,IF(C30<DATE(2025,3,31),((((0*30.4)+M30)-VLOOKUP(((0*30.4)+M30),'TABLA ISR'!$B$5:$E$16,1))*(VLOOKUP(((0*30.4)+M30),'TABLA ISR'!$B$5:$E$16,4)))+(VLOOKUP(((0*30.4)+M30),'TABLA ISR'!$B$5:$E$16,3)),((((E30*30.4)+M30)-VLOOKUP(((E30*30.4)+M30),'TABLA ISR'!$B$5:$E$16,1))*(VLOOKUP(((E30*30.4)+M30),'TABLA ISR'!$B$5:$E$16,4)))+(VLOOKUP(((E30*30.4)+M30),'TABLA ISR'!$B$5:$E$16,3))),0) -> 0 | O30: =IF(L30<1,0,N30-IF(C30<DATE(2025,3,31),0,((E30*30.4)-VLOOKUP(E30*30.4,'TABLA ISR'!$B$5:$E$16,1))*VLOOKUP(E30*30.4,'TABLA ISR'!$B$5:$E$16,4)+VLOOKUP(E30*30.4,'TABLA ISR'!$B$5:$E$16,3))) -> 0 | P30: =IFERROR(O30/M30,0) -> 0 | Q30: =L30*P30 -> 0
G31: =IF(-(_xlfn.DAYS(IF(B31>DATE(2024,1,1),B31,DATE(2024,1,1)),IF(C31<DATE(2024,12,31),C31,DATE(2024,12,31))+1))<1,0,-(_xlfn.DAYS(IF(B31>DATE(2024,1,1),B31,DATE(2024,1,1)),IF(C31<DATE(2024,12,31),C31,DATE(2024,12,31))+1))) -> 0 | H31: =($H$3/SUM($G$11:$G$110))*G31 -> 0 | I31: =($H$5/SUM($D$11:$D$110))*D31 -> 0 | J31: =IF(H31+I31<IF(F31>(E31*30.4)*3,F31,(E31*30.4)*3),H31+I31,IF(F31>(E31*30.4)*3,F31,(E31*30.4)*3)) -> 0 | K31: =IF(D31<1,0,$D$7*15) -> 0 | L31: =IF(J31-K31<1,0,J31-K31) -> 0 | M31: =(L31/365)*30.4 -> 0 | N31: =IF(M31>1,IF(C31<DATE(2025,3,31),((((0*30.4)+M31)-VLOOKUP(((0*30.4)+M31),'TABLA ISR'!$B$5:$E$16,1))*(VLOOKUP(((0*30.4)+M31),'TABLA ISR'!$B$5:$E$16,4)))+(VLOOKUP(((0*30.4)+M31),'TABLA ISR'!$B$5:$E$16,3)),((((E31*30.4)+M31)-VLOOKUP(((E31*30.4)+M31),'TABLA ISR'!$B$5:$E$16,1))*(VLOOKUP(((E31*30.4)+M31),'TABLA ISR'!$B$5:$E$16,4)))+(VLOOKUP(((E31*30.4)+M31),'TABLA ISR'!$B$5:$E$16,3))),0) -> 0 | O31: =IF(L31<1,0,N31-IF(C31<DATE(2025,3,31),0,((E31*30.4)-VLOOKUP(E31*30.4,'TABLA ISR'!$B$5:$E$16,1))*VLOOKUP(E31*30.4,'TABLA ISR'!$B$5:$E$16,4)+VLOOKUP(E31*30.4,'TABLA ISR'!$B$5:$E$16,3))) -> 0 | P31: =IFERROR(O31/M31,0) -> 0 | Q31: =L31*P31 -> 0
G32: =IF(-(_xlfn.DAYS(IF(B32>DATE(2024,1,1),B32,DATE(2024,1,1)),IF(C32<DATE(2024,12,31),C32,DATE(2024,12,31))+1))<1,0,-(_xlfn.DAYS(IF(B32>DATE(2024,1,1),B32,DATE(2024,1,1)),IF(C32<DATE(2024,12,31),C32,DATE(2024,12,31))+1))) -> 0 | H32: =($H$3/SUM($G$11:$G$110))*G32 -> 0 | I32: =($H$5/SUM($D$11:$D$110))*D32 -> 0 | J32: =IF(H32+I32<IF(F32>(E32*30.4)*3,F32,(E32*30.4)*3),H32+I32,IF(F32>(E32*30.4)*3,F32,(E32*30.4)*3)) -> 0 | K32: =IF(D32<1,0,$D$7*15) -> 0 | L32: =IF(J32-K32<1,0,J32-K32) -> 0 | M32: =(L32/365)*30.4 -> 0 | N32: =IF(M32>1,IF(C32<DATE(2025,3,31),((((0*30.4)+M32)-VLOOKUP(((0*30.4)+M32),'TABLA ISR'!$B$5:$E$16,1))*(VLOOKUP(((0*30.4)+M32),'TABLA ISR'!$B$5:$E$16,4)))+(VLOOKUP(((0*30.4)+M32),'TABLA ISR'!$B$5:$E$16,3)),((((E32*30.4)+M32)-VLOOKUP(((E32*30.4)+M32),'TABLA ISR'!$B$5:$E$16,1))*(VLOOKUP(((E32*30.4)+M32),'TABLA ISR'!$B$5:$E$16,4)))+(VLOOKUP(((E32*30.4)+M32),'TABLA ISR'!$B$5:$E$16,3))),0) -> 0 | O32: =IF(L32<1,0,N32-IF(C32<DATE(2025,3,31),0,((E32*30.4)-VLOOKUP(E32*30.4,'TABLA ISR'!$B$5:$E$16,1))*VLOOKUP(E32*30.4,'TABLA ISR'!$B$5:$E$16,4)+VLOOKUP(E32*30.4,'TABLA ISR'!$B$5:$E$16,3))) -> 0 | P32: =IFERROR(O32/M32,0) -> 0 | Q32: =L32*P32 -> 0
... G110: =IF(-(_xlfn.DAYS(IF(B110>DATE(2024,1,1),B110,DATE(2024,1,1)),IF(C110<DATE(2024,12,31),C110,DATE(2024,12,31))+1))<1,0,-(_xlfn.DAYS(IF(B110>DATE(2024,1,1),B110,DATE(2024,1,1)),IF(C110<DATE(2024,12,31),C110,DATE(2024,12,31))+1))) -> 0 | H110: =($H$3/SUM($G$11:$G$110))*G110 -> 0 | I110: =($H$5/SUM($D$11:$D$110))*D110 -> 0 | J110: =IF(H110+I110<IF(F110>(E110*30.4)*3,F110,(E110*30.4)*3),H110+I110,IF(F110>(E110*30.4)*3,F110,(E110*30.4)*3)) -> 0 | K110: =IF(D110<1,0,$D$7*15) -> 0 | L110: =IF(J110-K110<1,0,J110-K110) -> 0 | M110: =(L110/365)*30.4 -> 0 | N110: =IF(M110>1,IF(C110<DATE(2025,3,31),((((0*30.4)+M110)-VLOOKUP(((0*30.4)+M110),'TABLA ISR'!$B$5:$E$16,1))*(VLOOKUP(((0*30.4)+M110),'TABLA ISR'!$B$5:$E$16,4)))+(VLOOKUP(((0*30.4)+M110),'TABLA ISR'!$B$5:$E$16,3)),((((E110*30.4)+M110)-VLOOKUP(((E110*30.4)+M110),'TABLA ISR'!$B$5:$E$16,1))*(VLOOKUP(((E110*30.4)+M110),'TABLA ISR'!$B$5:$E$16,4)))+(VLOOKUP(((E110*30.4)+M110),'TABLA ISR'!$B$5:$E$16,3))),0) -> 0 | O110: =IF(L110<1,0,N110-IF(C110<DATE(2025,3,31),0,((E110*30.4)-VLOOKUP(E110*30.4,'TABLA ISR'!$B$5:$E$16,1))*VLOOKUP(E110*30.4,'TABLA ISR'!$B$5:$E$16,4)+VLOOKUP(E110*30.4,'TABLA ISR'!$B$5:$E$16,3))) -> 0 | P110: =IFERROR(O110/M110,0) -> 0 | Q110: =L110*P110 -> 0

Sheet TABLA ISR
B4: Tarifa del Impuesto sobre la renta
B5: Límite inferior | C5: Límite superior | D5: Cuota fija | E5: % Sobre excedente del límite inferior
B6: 0.01 | C6: 844.59 | D6: 0 | E6: 0.0192
B7: =C6+0.01 -> 844.6 | C7: 7168.51 | D7: 16.22 | E7: 0.064
B8: =C7+0.01 -> 7168.52 | C8: 12598.02 | D8: 420.95 | E8: 0.1088
B9: =C8+0.01 -> 12598.03 | C9: 14644.64 | D9: 1011.68 | E9: 0.16
B10: =C9+0.01 -> 14644.65 | C10: 17533.64 | D10: 1339.14 | E10: 0.1792
B11: =C10+0.01 -> 17533.65 | C11: 35362.83 | D11: 1856.84 | E11: 0.2136
B12: =C11+0.01 -> 35362.84 | C12: 55736.68 | D12: 5665.16 | E12: 0.2352
B13: =C12+0.01 -> 55736.69 | C13: 106410.5 | D13: 10457.09 | E13: 0.3
B14: =C13+0.01 -> 106410.51 | C14: 141880.66 | D14: 25659.23 | E14: 0.32
B15: =C14+0.01 -> 141880.67 | C15: 425641.99 | D15: 37009.69 | E15: 0.34
B16: =C15+0.01 -> 425642 | C16: 9999999999999 | D16: 133488.54 | E16: 0.35

Sheet paquetefiscal@gmail.com
A1: Paquete Fiscal
A2: Whatsapp 3353058497 paquetefiscal@gmail.com
A3: https://wa.me/5213353058497?text=Hola,%20me%20interesa
A4: Página en Facebook
A5: https://www.facebook.com/Paquetes-Fiscales-para-Contadores-102649355039376
